 Dungeon Crawl Stone Soup version 0.29.0-15-g675c0067aa (webtiles) character file.

Game seed: 12933292596542931477

11497 qw the Cleaver (level 11, 0/72 HPs)
             Began as a Gargoyle Fighter on Sept 11, 2022.
             Slain by Harold
             ... wielding a +0 hand axe
              (7 damage)
             ... on level 11 of the Dungeon.
             The game lasted 00:04:46 (11497 turns).

qw the Cleaver (Gargoyle Fighter)                  Turns: 11497, Time: 00:04:46

Health: 0/72       AC: 27    Str: 24    XL:     11   Next: 78%
Magic:  11/11      EV: 11    Int:  9    God:
Gold:   68         SH: 10    Dex:  9    Spells: 10/10 levels left

rFire   + . .      SeeInvis .   Y - +1 broad axe
rCold   + . .      Faith    .   c - +0 buckler
rNeg    + . .      Spirit   .   q - +0 plate armour
rPois   inf        Reflect  +   m - +2 helmet
rElec   +          Harm     .   (no cloak)
rCorr   .          Rampage  .   (no gloves)
Will    .....                   i - +0 pair of boots
Stlth   ..........              k - amulet of reflection
HPRegen 0.22/turn               e - +4 ring of evasion
MPRegen 0.12/turn               (no ring)

@: marked
A: sickness immunity, AC +8, negative energy resistance 1, electricity
resistance, torment resistance 1, petrification resistance, talons 1, cold
resistance 1, fire resistance 1
a: no special abilities


You were on level 11 of the Dungeon.
You visited 2 branches of the dungeon, and saw 12 of its levels.

You collected 613 gold pieces.
You spent 545 gold pieces at shops.


Innate Abilities, Weirdness & Mutations

You are immune to sickness and miasma.
Your stone body is resilient. (AC +8)
You are immune to poison.
You resist negative energy. (rN+)
You are resistant to electric shocks. (rElec)
You are resistant to unholy torment.
You are immune to petrification.
You have sharp toenails.
Your flesh is cold resistant. (rC+)
Your flesh is heat resistant. (rF+)


   Skills:
 + Level 9.8 Fighting
 - Level 12.0 Axes
 - Level 3.0 Throwing
 - Level 9.2 Armour
 - Level 2.0 Dodging
 - Level 6.1 Shields


You had 10 spell levels left.
You didn't know any spells.
Your spell library was empty.

Inventory:

Hand Weapons
 s - a +0 morningstar
 Y - a +1 broad axe (weapon)
Missiles
 g - 4 boomerangs
 u - 2 javelins (quivered)
Armour
 c - a +0 buckler (worn)
 i - a +0 pair of boots (worn)
 j - +0 acid dragon scales
 m - a +2 helmet (worn)
 q - a +0 plate armour (worn)
Jewellery
 e - a +4 ring of evasion (left hand)
 k - an amulet of reflection (around neck)
 r - a ring of ice
Scrolls
 a - 2 scrolls of identify
 o - a scroll of blinking
Potions
 b - 4 potions of lignification
 d - 2 potions of might
 f - 2 potions of cancellation
 h - a potion of haste
 n - a potion of attraction
 p - 3 potions of curing

Dungeon Overview and Level Annotations

Branches:
Dungeon (11/15)            Temple (1/1) D:7            Lair (0/5) D:8
    Orc: D:9-12

Altars:
Ashenzari
Cheibriados
Dithmenos
Elyvilon
Fedhas
Gozag
Hepliaklqana
Kikubaaqudgha
Makhleb
Nemelex Xobeh
Okawaru
Qazlal
Ru
Sif Muna
Trog
Uskayaw
Vehumet
Wu Jian
Xom
Yredelemnul
Zin
The Shining One

Shops:
D:6 :   D:7 ?   D:9 =   D:10 !?

Annotations:
D:2 1 runed translucent door, Crazy Yiuf, Natasha
D:11 Harold


Message History

You block the killer bee's attack.
You block the vampire mosquito's attack.
The killer bee misses you.
You hit the killer bee but do no damage.
The killer bee is almost dead.
You closely miss the vampire mosquito.
You block the vampire mosquito's attack.
The killer bee stings you. The vampire mosquito barely misses you.
The killer bee stings you but does no damage.
The vampire mosquito barely misses you.
You slice the killer bee!!
You kill the killer bee!
You closely miss the vampire mosquito.
The vampire mosquito bites you but does no damage.
You slice the vampire mosquito!!
You destroy the vampire mosquito!
Harold points at you and mumbles some strange words.
The mark upon you grows brighter.
You hit Harold.
Harold is moderately wounded.
A two-headed ogre comes into view.
It is wielding a +0 giant spiked club and a +0 giant club.
Harold points at you and mumbles some strange words.
You barely resist. You hit Harold.
Harold is moderately wounded.
Harold hits you but does no damage.
You hit Harold but do no damage.
Harold is moderately wounded.
Harold hits you but does no damage.
You slash Harold!
Harold is heavily wounded.
You block Harold's attack.
You slice Harold!!
Harold is almost dead.
A troll comes into view.
Harold hits you with a +0 hand axe.
You hit Harold.
Harold is almost dead.
Harold hits you with a +0 hand axe!
You die...

#...# #...#
####...####
#.........##
#.........$.
.........# #
#.....#
#.....#
#..@..#
#.##@.# #.
O.# #. .(..
## .#### .#
T. .#


You could see Harold, a two-headed ogre and a troll.

Vanquished Creatures
  A two-headed ogre (D:9)
  Sonja (D:10)
  A gargoyle (D:10)
  2 trolls
  2 hornets
  A jumping spider (shapeshifter) (D:9)
  A wraith (D:10)
  2 basilisks (D:8)
  10 yaks
  3 wyverns
  Eustachio (D:4)
  3 steam dragons
  4 vampire mosquitoes (D:11)
  2 acid dragons
  3 water moccasins
  A sky beast (D:6)
  2 ice beasts
  An orc warrior (D:9)
  6 ogres
  3 centaurs
  2 phantoms
  4 kobold brigands
  A necrophage (D:4)
  2 gnoll sergeants
  2 bullfrogs
  5 scorpions
  20 wights
  17 killer bees
  7 hounds
  3 gnoll boudas (D:9)
  5 orc priests
  2 jellies
  Terence (D:2)
  Jessica (D:3)
  Natasha (D:2)
  4 iguanas
  14 orc wizards
  Robin (D:2)
  14 gnolls
  5 adders
  A shadow imp (D:6)
  2 worms
  2 dart slugs
  28 orcs
  7 ball pythons
  5 endoplasms
  2 giant cockroaches
  12 goblins
  5 hobgoblins
  7 jackals
  11 kobolds
  A quokka (D:3)
  4 bats
  6 frilled lizards
  4 rats
258 creatures vanquished.

Vanquished Creatures (others)
  A kobold brigand (D:10)
  9 fungi
  18 plants
28 creatures vanquished.

Grand Total: 286 creatures vanquished

Notes
Turn   | Place    | Note
-------+----------+-------------------------------------------
     0 | D:1      | qw the Gargoyle Fighter began the quest for the Orb.
     0 | D:1      | Reached XP level 1. HP: 14/14 MP: 1/1
     0 | D:1      | 0 ||| qw: Version: 0.1-a-119-g272c26d
     0 | D:1      | 0 ||| qw: Game counter: 10698
     0 | D:1      | 0 ||| qw: Always use a shield: true
     0 | D:1      | 0 ||| qw: God list: Okawaru
     0 | D:1      | 0 ||| qw: Allow faded altars: false
     0 | D:1      | 0 ||| qw: Do Orc after D:15 true
     0 | D:1      | 0 ||| qw: Do second Lair branch before Depths: true
     0 | D:1      | 0 ||| qw: Lair rune preference: random
     0 | D:1      | 0 ||| qw: Plans: Normal, Zot, God:TSO, Crypt, Tomb, Pan,
                  | Slime, Hells, Zig, Abyss, Orb
     0 | D:1      | 0 ||| PLANNING D:1-11
    27 | D:1      | Reached skill level 2 in Axes
    52 | D:1      | Reached XP level 2. HP: 14/19 MP: 2/2
   635 | D:1      | 635 ||| Stepping ~*~*~tactically~*~*~ (stealth).
   645 | D:1      | Reached skill level 3 in Axes
   653 | D:1      | Reached XP level 3. HP: 13/23 MP: 3/3
   980 | D:1      | Found a faded altar of an unknown god.
   982 | D:1      | 982 ||| DROPPING +0 club.
  1140 | D:1      | 1140 ||| UPGRADING to +0 chain mail.
  1150 | D:1      | 1150 ||| DROPPING +0 scale mail.
  1151 | D:1      | 1151 ||| READING 2 scrolls labelled HEIXUK EPRUAV.
  1152 | D:1      | 1152 ||| READING scroll labelled QEACAL JOHITIPYJ.
  1320 | D:2      | Noticed Terence
  1350 | D:2      | Killed Terence
  1351 | D:2      | Reached XP level 4. HP: 21/28 MP: 4/4
  1636 | D:2      | Reached skill level 4 in Axes
  1726 | D:2      | Noticed Natasha
  1727 | D:2      | 1727 ||| Stepping ~*~*~tactically~*~*~ (hiding).
  1728 | D:2      | 1728 ||| Stepping ~*~*~tactically~*~*~ (hiding).
  1735 | D:2      | HP: 7/28 [white imp/puff of frost[Natasha] (7)]
  1736 | D:2      | Killed Natasha
  1975 | D:2      | 1975 ||| Stepping ~*~*~tactically~*~*~ (stealth).
  1977 | D:2      | 1977 ||| Stepping ~*~*~tactically~*~*~ (stealth).
  1978 | D:2      | Noticed Robin
  1979 | D:2      | 1979 ||| Stepping ~*~*~tactically~*~*~ (hiding).
  1993 | D:2      | Killed Robin
  1994 | D:2      | Reached XP level 5. HP: 26/32 MP: 5/5
  2087 | D:2      | Found a runed translucent door.
  2087 | D:2      | Noticed Natasha
  2087 | D:2      | Noticed Crazy Yiuf
  2494 | D:2      | 2494 ||| UPGRADING to +0 helmet.
  2499 | D:2      | 2499 ||| UPGRADING to +4 ring of evasion.
  2500 | D:2      | 2500 ||| DRINKING 2 fizzy orange potions.
  2500 | D:2      | Gained mutation: You have a pair of small horns on your
                  | head. [potion of mutation]
  2500 | D:2      | Gained mutation: You sometimes lose your temper in combat.
                  | [potion of mutation]
  2500 | D:2      | Gained mutation: Your flesh is heat resistant. (rF+)
                  | [potion of mutation]
  2501 | D:2      | 2501 ||| DROPPING +0 helmet.
  2502 | D:2      | 2502 ||| DRINKING potion of mutation.
  2502 | D:2      | Lost mutation: You have a pair of small horns on your head.
                  | [potion of mutation]
  2502 | D:2      | Lost mutation: You sometimes lose your temper in combat.
                  | [potion of mutation]
  2502 | D:2      | Gained mutation: You have sharp toenails. [potion of
                  | mutation]
  2502 | D:2      | Gained mutation: Your flesh is cold resistant. (rC+)
                  | [potion of mutation]
  2502 | D:2      | Gained mutation: You do not regenerate when monsters are
                  | visible. [potion of mutation]
  2502 | D:2      | Lost mutation: You do not regenerate when monsters are
                  | visible. [potion of mutation]
  2503 | D:2      | 2503 ||| DRINKING 2 yellow potions.
  2606 | D:3      | 2606 ||| Stepping ~*~*~tactically~*~*~ (hiding).
  2608 | D:3      | 2608 ||| Stepping ~*~*~tactically~*~*~ (hiding).
  2880 | D:3      | Noticed Jessica
  2881 | D:3      | 2881 ||| Stepping ~*~*~tactically~*~*~ (hiding).
  2885 | D:3      | Killed Jessica
  2886 | D:3      | Reached skill level 5 in Axes
  3011 | D:3      | 3011 ||| Stepping ~*~*~tactically~*~*~ (stealth).
  3160 | D:3      | 3160 ||| FLEEEEING.
  3161 | D:3      | 3161 ||| FLEEEEING.
  3162 | D:3      | 3162 ||| FLEEEEING.
  3175 | D:3      | 3175 ||| FLEEEEING.
  3179 | D:3      | 3179 ||| STAIRDANCE
  3223 | D:2      | 3223 ||| READING scroll labelled GYRIPI TEMI.
  3224 | D:2      | 3224 ||| READING scroll labelled PUUKE LAONECWU.
  3225 | D:2      | 3225 ||| DRINKING 2 dark potions.
  3226 | D:2      | 3226 ||| READING 3 scrolls of identify.
  3226 | D:2      | 3226 ||| IDENTIFYING viscous amethyst potion
  3227 | D:2      | 3227 ||| READING 2 scrolls of identify.
  3227 | D:2      | 3227 ||| IDENTIFYING bubbling ruby potion
  3228 | D:2      | 3228 ||| DROPPING potion of degeneration.
  3323 | D:3      | 3323 ||| Stepping ~*~*~tactically~*~*~ (stealth).
  3324 | D:3      | 3324 ||| Stepping ~*~*~tactically~*~*~ (stealth).
  3326 | D:3      | 3326 ||| Stepping ~*~*~tactically~*~*~ (stealth).
  3465 | D:3      | 3465 ||| DROPPING +0 mace.
  3565 | D:4      | Noticed Eustachio
  3584 | D:4      | Killed Eustachio
  3585 | D:4      | Reached XP level 6. HP: 14/40 MP: 6/6
  3789 | D:4      | 3789 ||| Stepping ~*~*~tactically~*~*~ (stealth).
  3791 | D:4      | 3791 ||| Stepping ~*~*~tactically~*~*~ (hiding).
  3953 | D:4      | Reached XP level 7. HP: 44/44 MP: 7/7
  4034 | D:4      | Reached skill level 6 in Axes
  4222 | D:4      | 4222 ||| READING scroll labelled MEGOSS TOFUA.
  4223 | D:4      | 4223 ||| READING scroll labelled SOUR SAUTOLA.
  4224 | D:4      | 4224 ||| READING 2 scrolls of identify.
  4224 | D:4      | 4224 ||| IDENTIFYING sedimented black potion
  4225 | D:4      | 4225 ||| DROPPING potion of flight.
  4234 | D:5      | Entered Level 5 of the Dungeon
  4236 | D:5      | 4236 ||| STAIRDANCE
  4243 | D:5      | 4243 ||| STAIRDANCE
  4252 | D:4      | Reached skill level 1 in Dodging
  4326 | D:5      | 4326 ||| STAIRDANCE
  4374 | D:5      | 4374 ||| STAIRDANCE
  4502 | D:5      | 4502 ||| Stepping ~*~*~tactically~*~*~ (stealth).
  4514 | D:5      | Reached skill level 7 in Axes
  4514 | D:5      | Reached XP level 8. HP: 33/49 MP: 8/8
  4553 | D:5      | 4553 ||| Stepping ~*~*~tactically~*~*~ (stealth).
  4554 | D:5      | 4554 ||| Stepping ~*~*~tactically~*~*~ (stealth).
  4649 | D:5      | Found an iron altar of Okawaru.
  4705 | D:5      | Reached skill level 1 in Throwing
  4924 | D:5      | Found a snail-covered altar of Cheibriados.
  4925 | D:5      | 4925 ||| UPGRADING to +0 helmet.
  4930 | D:5      | 4930 ||| READING scroll labelled WOWYMI COUFE.
  4969 | D:5      | 4969 ||| READING scroll labelled ENOLOH UWUXOLU.
  4970 | D:5      | 4970 ||| DRINKING 2 viscous yellow potions.
  4971 | D:5      | 4971 ||| DROPPING potion of brilliance.
  4972 | D:5      | 4972 ||| Stepping randomly (stuck).
  4981 | D:5      | 4981 ||| Stepping randomly (stuck).
  4982 | D:5      | 4982 ||| Stepping randomly (stuck).
  4984 | D:5      | 4984 ||| Stepping randomly (stuck).
  4985 | D:5      | 4985 ||| Stepping randomly (stuck).
  4989 | D:5      | 4989 ||| Stepping randomly (stuck).
  4991 | D:5      | 4991 ||| Stepping randomly (stuck).
  4992 | D:5      | 4992 ||| Stepping randomly (stuck).
  4994 | D:5      | 4994 ||| Stepping randomly (stuck).
  4995 | D:5      | 4995 ||| Stepping randomly (stuck).
  4996 | D:5      | 4996 ||| Stepping randomly (stuck).
  4997 | D:5      | 4997 ||| Stepping randomly (stuck).
  4998 | D:5      | 4998 ||| Stepping randomly (stuck).
  4999 | D:5      | 4999 ||| Stepping randomly (stuck).
  5000 | D:5      | 5000 ||| Stepping randomly (stuck).
  5001 | D:5      | 5001 ||| Stepping randomly (stuck).
  5002 | D:5      | 5002 ||| Stepping randomly (stuck).
  5006 | D:5      | 5006 ||| Stepping randomly (stuck).
  5007 | D:5      | 5007 ||| Stepping randomly (stuck).
  5008 | D:5      | 5008 ||| Stepping randomly (stuck).
  5010 | D:5      | 5010 ||| Stepping randomly (stuck).
  5011 | D:5      | 5011 ||| Stepping randomly (stuck).
  5012 | D:5      | 5012 ||| Stepping randomly (stuck).
  5013 | D:5      | 5013 ||| Stepping randomly (stuck).
  5015 | D:5      | 5015 ||| Stepping randomly (stuck).
  5016 | D:5      | 5016 ||| Stepping randomly (stuck).
  5017 | D:5      | 5017 ||| Stepping randomly (stuck).
  5018 | D:5      | 5018 ||| Stepping randomly (stuck).
  5019 | D:5      | 5019 ||| Stepping randomly (stuck).
  5020 | D:5      | 5020 ||| Stepping randomly (stuck).
  5021 | D:5      | 5021 ||| Stepping randomly (stuck).
  5022 | D:5      | 5022 ||| Stepping randomly (stuck).
  5024 | D:5      | 5024 ||| Stepping randomly (stuck).
  5025 | D:5      | 5025 ||| Stepping randomly (stuck).
  5026 | D:5      | 5026 ||| Stepping randomly (stuck).
  5037 | D:5      | 5037 ||| Stepping randomly (stuck).
  5038 | D:5      | 5038 ||| Stepping randomly (stuck).
  5187 | D:6      | Found Dyraonix's Book Shoppe.
  5229 | D:6      | Reached skill level 8 in Axes
  5281 | D:6      | Found a shadowy altar of Dithmenos.
  5410 | D:6      | 5410 ||| Stepping ~*~*~tactically~*~*~ (stealth).
  5414 | D:6      | 5414 ||| Stepping ~*~*~tactically~*~*~ (stealth).
  5415 | D:6      | 5415 ||| Stepping ~*~*~tactically~*~*~ (stealth).
  5450 | D:6      | 5450 ||| Stepping ~*~*~tactically~*~*~ (stealth).
  5451 | D:6      | 5451 ||| Stepping ~*~*~tactically~*~*~ (stealth).
  5455 | D:6      | 5455 ||| DRINKING 2 potions of curing.
  5455 | D:6      | 5455 ||| (to cure confusion)
  5460 | D:6      | Reached skill level 6 in Fighting
  5504 | D:6      | 5504 ||| SWAPPING to +0 broad axe.
  5505 | D:6      | 5505 ||| DROPPING +0 war axe.
  5652 | D:6      | 5652 ||| Stepping ~*~*~tactically~*~*~ (hiding).
  5661 | D:6      | 5661 ||| Stepping ~*~*~tactically~*~*~ (stealth).
  5677 | D:6      | 5677 ||| Stepping ~*~*~tactically~*~*~ (stealth).
  5683 | D:6      | 5683 ||| FLEEEEING.
  5685 | D:6      | Reached XP level 9. HP: 23/55 MP: 9/9
  5871 | D:6      | 5871 ||| DROPPING +0 flail.
  5976 | D:6      | Reached skill level 9 in Axes
  6106 | D:6      | 6106 ||| READING scroll labelled GOKOHAAMAE.
  6107 | D:6      | 6107 ||| READING 3 scrolls of identify.
  6107 | D:6      | 6107 ||| IDENTIFYING bubbling golden potion
  6108 | D:6      | 6108 ||| READING 2 scrolls of identify.
  6108 | D:6      | 6108 ||| IDENTIFYING fuming orange potion
  6109 | D:6      | 6109 ||| DROPPING potion of berserk rage.
  6142 | D:7      | 6142 ||| STAIRDANCE
  6199 | D:7      | Found a staircase to the Ecumenical Temple.
  6200 | D:7      | 6200 ||| PLANNING TEMPLE
  6219 | D:7      | 6219 ||| DRINKING 2 potions of curing.
  6219 | D:7      | 6219 ||| (to cure confusion)
  6220 | D:7      | 6220 ||| DRINKING potion of curing.
  6220 | D:7      | 6220 ||| (to cure confusion)
  6238 | Temple   | Entered the Ecumenical Temple
  6293 | Temple   | 6293 ||| PLANNING D:1-11
  6344 | D:7      | Found Zelonn's Magic Scroll Emporium.
  6347 | D:7      | 6347 ||| BUYING scroll of identify (26 gold).
  6347 | D:7      | Bought a scroll of identify for 26 gold pieces
  6347 | D:7      | 6347 ||| BUYING scroll of identify (26 gold).
  6347 | D:7      | Bought a scroll of identify for 26 gold pieces
  6347 | D:7      | 6347 ||| BUYING scroll of teleportation (39 gold).
  6347 | D:7      | Bought a scroll of teleportation for 39 gold pieces
  6473 | D:7      | Found an opulent altar of Gozag.
  6475 | D:7      | 6475 ||| Stepping ~*~*~tactically~*~*~ (stealth).
  6820 | D:7      | 6820 ||| Stepping ~*~*~tactically~*~*~ (hiding).
  6962 | D:7      | 6962 ||| DROPPING +5 flail.
  7099 | D:7      | 7099 ||| UPGRADING to +0 plate armour.
  7109 | D:7      | 7109 ||| DROPPING +0 chain mail.
  7110 | D:7      | 7110 ||| UPGRADING to amulet of regeneration.
  7115 | D:7      | 7115 ||| READING scroll labelled VATSAG MAZOI.
  7116 | D:7      | 7116 ||| READING scroll labelled QICLES FEORRIL.
  7117 | D:7      | 7117 ||| READING 3 scrolls of identify.
  7117 | D:7      | 7117 ||| IDENTIFYING lumpy green potion
  7118 | D:7      | 7118 ||| READING 2 scrolls of identify.
  7118 | D:7      | 7118 ||| IDENTIFYING brown potion
  7119 | D:7      | 7119 ||| DROPPING potion of magic.
  7120 | D:7      | 7120 ||| DROPPING potion of invisibility.
  7154 | D:8      | 7154 ||| STAIRDANCE
  7163 | D:8      | 7163 ||| STAIRDANCE
  7192 | D:8      | Noticed a manticore
  7306 | D:8      | Noticed a troll
  7307 | D:8      | 7307 ||| Stepping ~*~*~tactically~*~*~ (stealth).
  7308 | D:8      | 7308 ||| Stepping ~*~*~tactically~*~*~ (stealth).
  7312 | D:8      | 7312 ||| Stepping ~*~*~tactically~*~*~ (stealth).
  7326 | D:8      | Killed a troll
  7327 | D:8      | Reached skill level 6 in Armour
  7327 | D:8      | Reached XP level 10. HP: 36/63 MP: 10/10
  7443 | D:8      | Found an ornate altar of the Wu Jian Council.
  7444 | D:8      | 7444 ||| READING 2 scrolls of identify.
  7444 | D:8      | 7444 ||| IDENTIFYING smoky sapphire potion
  7445 | D:8      | 7445 ||| Stepping ~*~*~tactically~*~*~ (stealth).
  7446 | D:8      | 7446 ||| READING 2 scrolls of teleportation.
  7465 | D:8      | 7465 ||| Stepping ~*~*~tactically~*~*~ (hiding).
  7466 | D:8      | 7466 ||| Stepping ~*~*~tactically~*~*~ (hiding).
  7468 | D:8      | 7468 ||| Stepping ~*~*~tactically~*~*~ (hiding).
  7473 | D:8      | Reached skill level 10 in Axes
  7477 | D:8      | 7477 ||| Stepping ~*~*~tactically~*~*~ (stealth).
  7509 | D:8      | 7509 ||| Stepping ~*~*~tactically~*~*~ (hiding).
  7547 | D:8      | Found a staircase to the Lair.
  7785 | D:8      | 7785 ||| DRINKING potion of curing.
  7785 | D:8      | 7785 ||| (to cure confusion)
  7801 | D:8      | Reached skill level 11 in Axes
  7946 | D:8      | Found a sparkling altar of Nemelex Xobeh.
  8209 | D:8      | 8209 ||| UPGRADING to +2 helmet.
  8219 | D:8      | 8219 ||| DROPPING +0 helmet.
  8220 | D:8      | 8220 ||| READING scroll labelled IPENAO MAUN.
  8306 | D:9      | 8306 ||| FLEEEEING.
  8307 | D:9      | 8307 ||| FLEEEEING.
  8308 | D:9      | 8308 ||| FLEEEEING.
  8309 | D:9      | 8309 ||| STAIRDANCE
  8362 | D:8      | 8362 ||| UPGRADING to amulet of reflection.
  8372 | D:8      | 8372 ||| DROPPING amulet of regeneration.
  8411 | D:9      | Found a flagged portal.
  8413 | D:9      | Noticed a guardian serpent
  8418 | D:9      | a guardian serpent changed into a jumping spider
  8426 | D:9      | Reached skill level 9 in Fighting
  8432 | D:9      | HP: 14/66 [killer bee (3)]
  8433 | D:9      | 8433 ||| READING scroll of teleportation.
  8434 | D:9      | 8434 ||| DRINKING potion of heal wounds.
  8441 | D:9      | HP: 10/66 [ogre/+0 giant club (17)]
  8452 | D:9      | 8452 ||| Stepping ~*~*~tactically~*~*~ (stealth).
  8741 | D:9      | Reached XP level 11. HP: 61/71 MP: 11/11
  8754 | D:9      | 8754 ||| Stepping ~*~*~tactically~*~*~ (hiding).
  8755 | D:9      | 8755 ||| Stepping ~*~*~tactically~*~*~ (hiding).
  9139 | D:9      | Reached skill level 12 in Axes
  9215 | D:9      | Found a shimmering blue altar of Sif Muna.
  9333 | D:9      | Noticed a two-headed ogre
  9341 | D:9      | Killed a two-headed ogre
  9606 | D:9      | Found Hung's Jewellery Shop.
  9611 | D:9      | 9611 ||| SHOPLISTING +6 ring of strength (468 gold, have
                  | 454).
  9611 | D:9      | 9611 ||| BUYING ring of ice (325 gold).
  9611 | D:9      | Bought a ring of ice for 325 gold pieces
  9611 | D:9      | 9611 ||| SHOPLISTING ring of positive energy (260 gold,
                  | have 129).
  9611 | D:9      | 9611 ||| SHOPLISTING ring of protection from fire (325
                  | gold, have 129).
  9611 | D:9      | 9611 ||| SHOPLISTING ring of resist corrosion (260 gold,
                  | have 129).
  9611 | D:9      | 9611 ||| SHOPLISTING ring of the Octopus King {rF+ HP+2
                  | AC+2 EV+2 SH+2} (798 gold, have 129).
  9767 | D:9      | 9767 ||| UPGRADING to +0 pair of boots.
  9772 | D:9      | 9772 ||| READING scroll labelled HIONUT KOCKYRR.
  9773 | D:9      | 9773 ||| DRINKING 3 emerald potions.
  9824 | D:10     | Entered Level 10 of the Dungeon
  9824 | D:10     | Found Goifygh's Magic Scroll Shoppe.
  9829 | D:10     | 9829 ||| STAIRDANCE
  9839 | D:10     | HP: 15/71 [yak (7)]
  9840 | D:10     | 9840 ||| READING 2 scrolls of teleportation.
  9844 | D:10     | HP: 15/71 [gnoll/+0 spear[a gnoll sergeant] (1)]
  9845 | D:10     | 9845 ||| READING scroll of teleportation.
  9910 | D:10     | 9910 ||| FLEEEEING.
  9911 | D:10     | 9911 ||| FLEEEEING.
  9919 | D:10     | 9919 ||| STAIRDANCE
 10135 | D:10     | 10135 ||| BUYING 3 scrolls of teleportation (90 gold).
 10135 | D:10     | Bought 3 scrolls of teleportation for 90 gold pieces
 10135 | D:10     | 10135 ||| SHOPLISTING scroll of enchant weapon (75 gold,
                  | have 39).
 10135 | D:10     | 10135 ||| SHOPLISTING scroll of fog (40 gold, have 39).
 10158 | D:10     | Reached skill level 6 in Shields
 10206 | D:10     | 10206 ||| FLEEEEING.
 10207 | D:10     | 10207 ||| FLEEEEING.
 10212 | D:10     | 10212 ||| FLEEEEING.
 10213 | D:10     | 10213 ||| FLEEEEING.
 10217 | D:10     | 10217 ||| STAIRDANCE
 10360 | D:10     | 10360 ||| Stepping ~*~*~tactically~*~*~ (hiding).
 10405 | D:10     | Noticed Sonja
 10441 | D:10     | Killed Sonja
 10442 | D:10     | Reached skill level 9 in Armour
 10542 | D:10     | 10542 ||| Stepping ~*~*~tactically~*~*~ (hiding).
 10969 | D:10     | Found a white marble altar of Elyvilon.
 11008 | D:10     | Found Faugec's Distillery.
 11011 | D:10     | 11011 ||| SHOPLISTING potion of cancellation (104 gold,
                  | have 81).
 11011 | D:10     | 11011 ||| BUYING potion of curing (39 gold).
 11011 | D:10     | Bought a potion of curing for 39 gold pieces
 11011 | D:10     | 11011 ||| SHOPLISTING potion of experience (650 gold, have
                  | 42).
 11011 | D:10     | 11011 ||| SHOPLISTING potion of haste (130 gold, have 42).
 11372 | D:10     | 11372 ||| READING 3 scrolls of identify.
 11372 | D:10     | 11372 ||| IDENTIFYING fizzy emerald potion
 11373 | D:10     | 11373 ||| DROPPING potion of ambrosia.
 11408 | D:11     | Noticed Harold
 11409 | D:11     | 11409 ||| Stepping ~*~*~tactically~*~*~ (hiding).
 11432 | D:11     | HP: 8/71 [Harold/+0 hand axe (15)]
 11433 | D:11     | 11433 ||| READING 3 scrolls of teleportation.
 11436 | D:11     | Reached skill level 3 in Throwing
 11452 | D:11     | 11452 ||| READING 2 scrolls of teleportation.
 11460 | D:11     | 11460 ||| READING scroll of teleportation.
 11478 | D:11     | HP: 14/71 [vampire mosquito (3)]
 11486 | D:11     | HP: 10/72 [vampire mosquito (2)]
 11492 | D:11     | Noticed a two-headed ogre
 11496 | D:11     | HP: 6/72 [Harold/+0 hand axe (2)]
 11497 | D:11     | Slain by Harold

Levels and vault maps discovered:
D:1:      psy_arrival_spokes, layout_loops_cross,
          nicolae_ecumenical_lake_church, chequers_serial_rivers_micro_b
D:2:      layout_basic, serial_forest, infiniplex_forest_lined_room_2,
          infiniplex_forest_clump_cross, infiniplex_forest_straight_2,
          infiniplex_forest_side_room, infiniplex_forest_lined_3,
          infiniplex_forest_clump_curved, infiniplex_forest_clump_small,
          hangedman_feature_mirror, uniq_crazy_yiuf_cottage, uniq_terence,
          uniq_robin, uniq_natasha
D:3:      layout_basic, dreamdust_wishing_well, uniq_jessica
D:4:      layout_basic, due_unseen_surprise, uniq_eustachio
D:5:      layout_cave_pools, general_overflow_altar, cheibrodos_worm_habitat,
          st_stairs_11, hangedman_decor_growths
D:6:      layout_gridville, mainiacjoe_overflow_alcove_1, serial_shops, shop,
          chequers_serial_rivers_small_3, kennysheep_generic_room_2
D:7:      layout_basic, mainiacjoe_overflow_tiny_flanked, temple_pool_b,
          serial_shops, kennysheep_mini
D:8:      layout_loops_corners, nicolae_wu_jian_immortal_techniques,
          nemelex_diamond_rough_becter, minmay_lair_entry_grove, wad_dig_loot
D:9:      kennysheep_seaside_town, layout_basic,
          nicolae_sif_muna_little_library, serial_shops, kennysheep_little_box,
          enter_bailey_2
D:10:     layout_basic, nicolae_elyvilon_peaceful_grove, serial_shops,
          nicolae_diamond_shop, kennysheep_mini_moat,
          minmay_misc_feat_nine_boxes, uniq_sonja
D:11:     layout_loops_cross, nicolae_trove_entry_isolated, uniq_erica,
          uniq_harold
Temple:   zaba_magenta_temple

Skill      XL: |  1  2  3  4  5  6  7  8  9 10 11 |
---------------+----------------------------------+-----
Axes           | 2 3 4 5 7 8 9 11 12 | 12.0
Fighting       | 5 6 7 9 |  9.8
Dodging        | 1 2 |  2.0
Throwing       | 1 3 |  3.0
Armour         | 4 6 7 9 |  9.2
Shields        | 4 5 6 |  6.1

Action                   |  1- 3 |  4- 6 |  7- 9 | 10-12 || total
-------------------------+-------+-------+-------+-------++-------
Melee: War axe           |   102 |   123 |   103 |       ||   328
       Kick              |       |    24 |    58 |    66 ||   148
       Unarmed           |       |    12 |       |       ||    12
       Broad axe         |       |       |   156 |   452 ||   608
Throw: Boomerang         |       |     4 |    38 |    40 ||    82
       Javelin           |       |       |       |     5 ||     5
  Use: Scroll            |     2 |     4 |    12 |    11 ||    29
       Potion            |       |     4 |     4 |     3 ||    11
Armor: Scale mail        |    62 |       |       |       ||    62
       Skin              |    10 |       |       |       ||    10
       Chain mail        |     1 |    76 |   130 |       ||   207
       Plate armour      |       |       |    42 |   339 ||   381
Dodge: Dodged            |    45 |    70 |   172 |   290 ||   577
Block: Buckler           |    16 |    23 |    69 |   301 ||   409
       Reflection        |       |       |       |     6 ||     6

Table legend:
 A = Non-vault XP
 B = Vault XP
 C = Vault XP percentage of total XP
 D = Non-vault monster count
 E = Vault monster count
 F = Vault count percentage of total count
                 A         B        C        D         E       F
            +---------+---------+-------+---------+---------+-------
      Total |   11847 |    4578 |  27.9 |     199 |      60 |  23.2
            +---------+---------+-------+---------+---------+-------
        D:1 |      44 |       0 |   0.0 |      25 |       0 |   0.0
        D:2 |      24 |     111 |  82.2 |       6 |      15 |  71.4
        D:3 |      48 |      37 |  43.5 |      23 |       1 |   4.2
        D:4 |     424 |     306 |  41.9 |      11 |       6 |  35.3
        D:5 |     480 |       0 |   0.0 |       8 |       0 |   0.0
        D:6 |    1153 |      98 |   7.8 |      20 |       2 |   9.1
        D:7 |    1287 |     100 |   7.2 |      25 |       1 |   3.8
        D:8 |    1659 |    1985 |  54.5 |      23 |      14 |  37.8
        D:9 |    2672 |    1169 |  30.4 |      24 |      20 |  45.5
       D:10 |    3044 |     772 |  20.2 |      25 |       1 |   3.8
       D:11 |    1012 |       0 |   0.0 |       9 |       0 |   0.0
            +---------+---------+-------+---------+---------+-------
